 Dungeon Crawl Stone Soup version 0.31-a0-18-gea43df2a32 (webtiles) character file.

Game seed: 8164954771003141369

5140 vineage the Spear-Bearer (level 10, -2/84 HPs)
             Began as a Merfolk Fighter on May 11, 2023.
             Was a Priest of Okawaru.
             Killed from afar by an electric eel (7 damage)
             ... with a bolt of electricity
             ... on level 8 of the Dungeon.
             The game lasted 00:09:59 (7618 turns).

vineage the Spear-Bearer (Merfolk Fighter)          Turns: 7618, Time: 00:10:00

Health: -2/84      AC: 13    Str: 21    XL:     10   Next: 58%
Magic:  10/10      EV: 24    Int:  7    God:    Okawaru [***...]
Gold:   479        SH: 11    Dex: 14    Spells: 9/9 levels left

rFire   . . .        a - +1 trident (heavy)
rCold   + . .        u - +1 kite shield
rNeg    . . .        p - +2 chain mail {rC+}
rPois   .            (no helmet)
rElec   .            (no cloak)
rCorr   .            j - +0 pair of gloves
SInv    .            (no boots)
Will    .....        h - amulet of the acrobat Stlth
                     (no ring)
HPRegen 0.34/turn    (no ring)
MPRegen 0.12/turn

%: acrobat
@: acrobatic, studying Staves
A: (nimble swimmer 2), mertail
a: Renounce Religion, Heroism


You were on level 8 of the Dungeon.
You worshipped Okawaru.
Okawaru was most pleased with you.
You visited 2 branches of the dungeon, and saw 9 of its levels.
You also visited: Sewer.

You collected 479 gold pieces.

Inventory:

Hand Weapons
 a - a +1 heavy trident (weapon)
Armour
 j - a +0 pair of gloves (worn)
 p - a +2 chain mail of cold resistance (worn)
 u - a +1 kite shield (worn)
Jewellery
 h - an amulet of the acrobat (around neck)
 l - a +4 ring of protection
Wands
 e - a wand of quicksilver (10)
 t - a wand of flame (22)
Scrolls
 b - 2 scrolls of brand weapon
 c - a scroll of fog
 d - a scroll of enchant armour
 k - 7 scrolls of teleportation
 o - a scroll of magic mapping
 v - 3 scrolls of identify
 w - a scroll of blinking
Potions
 f - 2 potions of resistance {unknown}
 g - a potion of haste
 i - a potion of lignification
 m - a potion of curing
 n - 2 potions of heal wounds {unknown}
 q - a potion of magic {unknown}
 r - a potion of brilliance {unknown}
 s - 3 potions of flight {unknown}
 z - 2 potions of attraction {unknown}


   Skills:
 + Level 9.7 Fighting
 + Level 11.1 Polearms
 * Level 5.8 Armour
 + Level 6.2 Dodging
 + Level 5.8 Shields


You had 9 spell levels left.
You didn't know any spells.
Your spell library contained the following spells:

 Spells                   Type           Power      Damage    Failure   Level
 Magic Dart               Conj           0%         1d3       99%         1
 Necrotise                Necr           0%         1d4       99%         1
 Sting                    Tmut/Pois      0%         1d3       99%         1
 Poisonous Vapours        Pois/Air       0%         N/A       100%        2
 Dazzling Flash           Conj/Hex       0%         N/A       100%        3
 Ignite Poison            Fire/Tmut/Pois 0%         N/A       100%        3
 Vampiric Draining        Necr           0%         2d6       100%        3
 Anguish                  Hex/Necr       0%         N/A       100%        4
 Cause Fear               Hex            0%         N/A       100%        4
 Olgreb's Toxic Radiance  Pois           0%         N/A       100%        4
 Sticky Flame             Conj/Fire      0%         2d3       100%        4
 Agony                    Necr           0%         N/A       100%        5
 Silence                  Hex/Air        0%         N/A       100%        5
 Enfeeble                 Hex            0%         N/A       100%        7
 Ignition                 Fire           0%         3d3       100%        8


Dungeon Overview and Level Annotations

Branches:
Dungeon (7/15)             Temple (1/1) D:5           Sewer (visited)

Altars:
Ashenzari
Cheibriados
Dithmenos
Elyvilon
Fedhas
Gozag
Hepliaklqana
Kikubaaqudgha
Makhleb
Nemelex Xobeh
Okawaru
Qazlal
Ru
Sif Muna
Trog
Vehumet
Wu Jian
Yredelemnul

Shops:
D:3 ?   D:4 *:   D:6 *

Annotations:
D:4 2 transporters


Innate Abilities, Weirdness & Mutations

((You are very nimble when in or above water. (Stealth+, EV+, Speed+++)))
Your lower body shifts to a powerful aquatic tail in water.


Message History

You are too injured to fight recklessly!
You are too injured to fight recklessly!
You are too injured to fight recklessly!
You are too injured to fight recklessly!
You are too injured to fight recklessly!
You are too injured to fight recklessly!
You are too injured to fight recklessly!
You are too injured to fight recklessly!
The electric eel shoots out a bolt of lightning at you!
The bolt of electricity hits you.
The electric eel shoots out a bolt of lightning at you!
The bolt of electricity misses you.
The electric eel shoots out a bolt of lightning at you!
The bolt of electricity hits the electric eel.
The electric eel completely resists.
The bolt of electricity hits you!
* * * LOW HITPOINT WARNING * * *
The electric eel shoots out a bolt of lightning at you!
The bolt of electricity hits you.
* * * LOW HITPOINT WARNING * * *
The electric eel shoots out a bolt of lightning at you!
The bolt of electricity hits you.
* * * LOW HITPOINT WARNING * * *
The electric eel shoots out a bolt of lightning at you!
The bolt of electricity hits you.
* * * LOW HITPOINT WARNING * * *
An electric eel is nearby!
An electric eel is nearby!
An electric eel is nearby!
The electric eel shoots out a bolt of lightning at you!
The bolt of electricity hits you.
* * * LOW HITPOINT WARNING * * *
The electric eel shoots out a bolt of lightning at you!
The bolt of electricity misses you.
The electric eel shoots out a bolt of lightning at you!
The bolt of electricity misses you.
The electric eel shoots out a bolt of lightning at you!
The bolt of electricity misses you.
The electric eel shoots out a bolt of lightning at you!
The bolt of electricity hits you!
You die...

###.##########
###....[.......(
#....#....~......≈
...##.#.....~~..~~~
## #.....~~~~~≈~≈~
###..~~≈~≈≈≈~~~
#.....≈≈~~...
######...~~≈~~.~~.
#@................
######..S≈~≈≈~~...
#..≈S≈≈≈~S.~.
#...≈≈~≈~~≈~≈
#...~.~.~≈~≈≈
#....~..~~~≈≈
#..~...~..~≈≈
#..........~~
.#.#########.


You could see an electric eel.

Vanquished Creatures
  Erica (D:8)
  Grinder (D:3)
  A troll (D:8)
  Edmund (D:6)
  Duvessa (D:6)
  6 water moccasins
  2 ice beasts
  A sky beast (D:8)
  3 centaurs (D:6)
  2 ogres (D:4)
  2 phantoms
  The ghost of PostNTower the Insei, an amateur OpTm (D:3)
  10 kobold brigands
  A scorpion (D:5)
  3 wights (D:6)
  Dowan (D:6)
  3 howler monkeys (D:8)
  An electric eel (D:8)
  7 jellies
  3 orc priests (D:5)
  9 hounds
  7 iguanas
  Terence (D:3)
  9 orc wizards
  Ijyb (D:3)
  Robin (D:2)
  3 gnolls (D:8)
  7 adders
  4 white imps
  An ufetubus (D:5)
  3 worms
  5 dart slugs
  21 orcs
  4 bats
  12 endoplasms
  4 giant cockroaches
  15 goblins
  7 hobgoblins
  11 jackals
  3 quokkas
  9 ball pythons
  9 frilled lizards
  22 kobolds
  6 rats
225 creatures vanquished.

Notes
Turn   | Place    | Note
-------+----------+-------------------------------------------
     0 | D:1      | vineage the Merfolk Fighter began the quest for the Orb.
     0 | D:1      | Reached XP level 1. HP: 18/18 MP: 1/1
   100 | D:1      | Reached skill level 3 in Polearms
   140 | D:1      | Reached XP level 2. HP: 21/24 MP: 2/2
   461 | D:1      | Reached XP level 3. HP: 30/30 MP: 3/3
   502 | D:1      | Found a faded altar of an unknown god.
  1113 | D:2      | Reached skill level 4 in Polearms
  1113 | D:2      | Reached XP level 4. HP: 35/38 MP: 4/4
  1121 | D:2      | Noticed Robin
  1132 | D:2      | Killed Robin
  1245 | D:2      | Found a shadowy altar of Dithmenos.
  1707 | D:3      | Found Qogontus's Magic Scroll Shop.
  1726 | D:3      | Noticed Terence
  1732 | D:3      | Killed Terence
  1733 | D:3      | Reached skill level 5 in Fighting
  1733 | D:3      | Reached skill level 5 in Polearms
  1733 | D:3      | Reached XP level 5. HP: 44/44 MP: 5/5
  1899 | D:3      | Found a runed translucent gate.
  1900 | D:3      | Found a runed translucent gate.
  1900 | D:3      | Noticed a kobold brigand
  1901 | D:3      | Found a runed translucent gate.
  1904 | D:3      | Noticed PostNTower's ghost (amateur OpTm)
  1979 | D:3      | Noticed Ijyb
  1983 | D:3      | Killed Ijyb
  2102 | D:3      | Noticed Grinder
  2114 | D:3      | Killed Grinder
  2115 | D:3      | Reached skill level 6 in Polearms
  2115 | D:3      | Reached XP level 6. HP: 31/52 MP: 6/6
  2341 | D:3      | Reached skill level 7 in Polearms
  2341 | D:3      | Reached XP level 7. HP: 49/59 MP: 7/7
  2351 | D:3      | Killed PostNTower's ghost
  2641 | D:4      | Found Zuirups's Book Boutique.
  2737 | D:4      | Found a transporter.
  2739 | D:4      | Noticed a kobold demonologist
  2752 | D:4      | Found a transporter.
  2932 | D:4      | Reached skill level 8 in Polearms
  3345 | D:4      | Found Bumate's Serpentskin Sales.
  3352 | D:4      | Reached XP level 8. HP: 47/67 MP: 8/8
  3641 | D:4      | Reached skill level 9 in Polearms
  4022 | D:4      | Found an ornate altar of the Wu Jian Council.
  4040 | D:5      | Entered Level 5 of the Dungeon
  4201 | D:4      | Reached skill level 1 in Dodging
  4325 | D:5      | Found a broken altar of Ashenzari.
  4379 | D:5      | Found a staircase to the Ecumenical Temple.
  4404 | Temple   | Entered the Ecumenical Temple
  4614 | Temple   | Became a worshipper of Warmaster Okawaru
  5070 | D:5      | Found a shimmering blue altar of Sif Muna.
  5091 | D:5      | Found an ancient bone altar of Kikubaaqudgha.
  5114 | D:5      | Found a radiant altar of Vehumet.
  5117 | D:5      | Reached XP level 9. HP: 75/75 MP: 9/9
  5153 | D:5      | Got Vehumet's Essays on Battling
  5356 | D:6      | Reached * piety under Okawaru
  5407 | D:6      | Reached skill level 10 in Polearms
  5539 | D:6      | Found a glowing drain.
  5543 | Sewer    | Entered a sewer
  5817 | Sewer    | Reached ** piety under Okawaru
  6146 | Sewer    | Reached skill level 5 in Shields
  6201 | Sewer    | Reached XP level 10. HP: 82/83 MP: 10/10
  6476 | D:6      | Reached skill level 5 in Armour
  6476 | D:6      | Reached skill level 5 in Dodging
  6479 | D:6      | Noticed Edmund
  6479 | D:6      | Noticed Duvessa
  6481 | D:6      | Noticed Dowan
  6495 | D:6      | Killed Edmund
  6500 | D:6      | Killed Duvessa
  6506 | D:6      | Killed Dowan
  6619 | D:6      | Found Hezurch's Assorted Antiques.
  6736 | D:6      | Found a hazy altar of Hepliaklqana.
  6896 | D:6      | Found a shadowy altar of Dithmenos.
  7114 | D:7      | You fall into a shaft and drop 1 floor!
  7150 | D:8      | Reached *** piety under Okawaru
  7158 | D:8      | Noticed Erica
  7180 | D:8      | Killed Erica
  7181 | D:8      | Reached skill level 11 in Polearms
  7611 | D:8      | HP: 3/84 [electric eel/bolt of electricity (6)]
  7618 | D:8      | Killed from afar by an electric eel

Illustrated notes

Levels and vault maps discovered:
D:1:      dpeg_arrival_houses_and_road, layout_loops_cross,
          ebering_ecumenical_altar_webs, dreamdust_wishing_well,
          chequers_serial_rivers_small_b, minmay_splitting_lines,
          chequers_big_river, minmay_misc_feat_roman
D:2:      layout_rooms, basic_altar, minivault_26,
          minmay_misc_feat_secret_circle, minmay_tripent, uniq_robin
D:3:      layout_rooms, serial_shops, shop, gammafunk_ghost_nasty_kobolds,
          uniq_grinder, uniq_terence, uniq_ijyb
D:4:      gammafunk_wand_slinger, layout_loops_ring,
          pdpol_wu_jian_five_deadly_venoms, serial_shops, nicolae_shop_crystal,
          serial_rivers, chequers_serial_rivers_micro_b,
          chequers_serial_rivers_large_a, chequers_serial_rivers_micro_e,
          chequers_serial_rivers_micro_e, chequers_serial_rivers_micro_d,
          chequers_serial_rivers_micro_c, guppyfry_shop_venom
D:5:      layout_rooms, palyth_temple_overflow_mages,
          nicolae_ashenzari_panopticon, minmay_temple_entry_offerings,
          minmay_manual_mail
D:6:      layout_rooms, grunt_dithmenos_smoke, serial_shops,
          nicolae_diamond_shop, gup_sewer_entry_spiral,
          kb_lookout_dungeons_type, nrook_mini_vaults, moated_statue,
          grunt_decor_mini_mirrors, grunt_decor_one_mirror, st_stairs_1,
          minmay_ruined_shrine, uniq_edmund, uniq_duvessa
D:7:      layout_cave_pools, old_standard_altar, chequers_serial_rivers_micro_c,
          hangedman_feature_mirror, kennysheep_diamond,
          minmay_misc_feat_encased, uniq_pikel, uniq_joseph
D:8:      lemuel_ice_spiral_2, layout_rooms, nicolae_uskayaw_dance_hall,
          erik_lair_island, wad_rectangle_vault, uniq_erica
Temple:   minmay_temple_curvy_loop

Skill      XL: |  1  2  3  4  5  6  7  8  9 10 |
---------------+-------------------------------+-----
Polearms       | 3 4 5 6 7 8 9 10 11 | 11.1
Fighting       | 4 5 6 7 8 9 |  9.7
Dodging        | 2 4 6 |  6.2
Armour         | 3 4 5 |  5.8
Shields        | 5 |  5.8

Action                     |  1- 3 |  4- 6 |  7- 9 | 10-12 || total
---------------------------+-------+-------+-------+-------++-------
  Melee: Trident           |    70 |   122 |   337 |   123 ||   652
         Tailslap          |       |       |     6 |       ||     6
    Use: Scroll            |     2 |     5 |     7 |     3 ||    17
         Potion            |       |       |     2 |     3 ||     5
 Armour: Scale mail        |    15 |       |       |       ||    15
         Chain mail        |     3 |    84 |   123 |    32 ||   242
         Skin              |       |       |    18 |    10 ||    28
  Dodge: Dodged            |    30 |    58 |   114 |    45 ||   247
  Block: Buckler           |     8 |    33 |       |       ||    41
         Kite shield       |       |       |   134 |    35 ||   169

Table legend: (Time is in decaauts)
 A = Elapsed time spent in this place.
 B = Non-inter-level travel time spent in this place.
 C = Inter-level travel time spent in this place.
 D = Time resting spent in this place.
 E = Time spent auto-exploring this place.
 F = Levels seen in this place.
 G = Mean time per level.
                   A        B        C        D        E       F      G
               +--------+--------+--------+--------+--------+-----+--------+
         Total |   7685 |   7470 |    215 |   1933 |   3921 |  10 |  768.5 |
       Dungeon |   6729 |   6547 |    182 |   1763 |   3371 |   8 |  841.1 |
        Temple |    229 |    196 |     33 |      0 |    187 |   1 |  229.0 |
         Sewer |    727 |    727 |      0 |    170 |    361 |   1 |  727.0 |
               +--------+--------+--------+--------+--------+-----+--------+

Top non-repeatable levels by time:
     D:4: 1741 daAuts
     D:1: 1098 daAuts
     D:3: 924 daAuts
     D:5: 855 daAuts
     D:6: 818 daAuts
   Sewer: 727 daAuts
     D:2: 625 daAuts
     D:8: 519 daAuts
  Temple: 229 daAuts
     D:7: 145 daAuts
